 Dungeon Crawl Stone Soup version 0.31-a0-920-g28cbb04a8c (webtiles) character file.

Game seed: 2193085673605566586

3 Gergoth the Chopper (level 1, 0/20 HPs)
             Began as a Hill Orc Monk on Oct 17, 2023.
             Slain by a gnoll
             ... wielding a +0 flail
              (7 damage)
             ... on level 1 of the Dungeon.
             The game lasted 00:00:48 (402 turns).

Gergoth the Chopper (Hill Orc Monk)                  Turns: 402, Time: 00:00:49

Health: 0/20       AC:  9    Str: 13    XL:     1   Next: 50%
Magic:  1/1        EV:  7    Int: 10    God:
Gold:   12         SH:  0    Dex: 13    Spells: 0/0 levels left

rFire   . . .        a - +0 hand axe
rCold   . . .        d - orb {light}
rNeg    . . .        m - +0 chain mail
rPois   .            (no helmet)
rElec   .            l - +0 cloak
rCorr   .            (no gloves)
SInv    .            (no boots)
Will    .....        (no amulet) Stlth
                     (no ring)
HPRegen 0.23/turn    (no ring)
MPRegen 0.07/turn

%: no passive effects
@: glowing
A: no striking features
a: no special abilities


You were on level 1 of the Dungeon.
You visited 1 branch of the dungeon, and saw 1 of its levels.

You collected 12 gold pieces.

Inventory:

Hand Weapons
 a - a +0 hand axe (weapon)
Armour
 b - a +0 robe
 d - an orb of light (worn)
 h - a +0 buckler
 l - a +0 cloak (worn)
 m - a +0 chain mail (worn)
Jewellery
 e - an amulet of reflection
 n - a +6 ring of dexterity
Scrolls
 i - a scroll of immolation {unknown}
Potions
 c - a potion of ambrosia
 f - a potion of brilliance {unknown}
 g - 2 potions of berserk rage {unknown}
 j - a potion of curing {unknown}
 k - a potion of attraction {unknown}
 o - a potion of heal wounds {unknown}


   Skills:
 * Level 3.7 Fighting
 * Level 4.1 Axes
 + Level 0.2 Armour
 + Level 2.4 Dodging
 + Level 0.0 Spellcasting


You couldn't memorise any spells.
You didn't know any spells.
Your spell library was empty.

Dungeon Overview and Level Annotations

Branches:
Dungeon (1/15)

Altars:


Message History

You hit the quokka.
You kill the quokka!
No target in view!
No target in view!
No target in view!
HP restored.
n - a +6 ring of dexterity You see here a frilled lizard corpse.
o - a bubbling pink potion
Found a stone staircase leading down.
A gnoll comes into view. It is wielding a +0 flail.
A gnoll is nearby!
The gnoll closely misses you.
You hit the gnoll.
The gnoll is moderately wounded.
The gnoll barely misses you.
You hit the gnoll.
The gnoll is moderately wounded.
The gnoll hits you with a +0 flail.
You hit the gnoll.
The gnoll is heavily wounded.
The gnoll misses you.
You hit the gnoll.
The gnoll is severely wounded.
The gnoll hits you with a +0 flail.
You hit the gnoll but do no damage.
The gnoll is severely wounded.
The gnoll barely misses you.
You hit the gnoll but do no damage.
The gnoll is severely wounded.
The gnoll hits you but does no damage. The gnoll barely misses you.
You hit the gnoll but do no damage.
The gnoll is severely wounded.
The gnoll hits you with a +0 flail!
You are too injured to fight recklessly!
You are too injured to fight recklessly!
You are too injured to fight recklessly!
You are too injured to fight recklessly!
The gnoll attacks as it pursues you! The gnoll hits you with a +0 flail!
You die...

###### .....#
.###.# .....#
.###.#######
†#.........#######
.#.#....##......@#
...#.....#######g#
....)...## #.#
.#####.## #.# ##
#.# #.# ### #.#
#.# ..# #+# #.#
#.# #.# .# #..


You could see a gnoll.

Vanquished Creatures
  A bat (D:1)
  A quokka (D:1)
  A frilled lizard (D:1)
3 creatures vanquished.

Notes
Turn   | Place    | Note
-------+----------+-------------------------------------------
     0 | D:1      | Gergoth the Hill Orc Monk began the quest for the Orb.
     0 | D:1      | Reached XP level 1. HP: 19/19 MP: 1/1
   167 | D:1      | Found a faded altar of an unknown god.
   402 | D:1      | Slain by a gnoll

Illustrated notes

Levels and vault maps discovered:
D:1:      minmay_arrival_loop, layout_loops_corners, serial_shops, shop,
          ebering_ecumenical_altar_petrified, hangedman_decor_points,
          minmay_misc_feat_rows

Action                     || total
---------------------------++-------
  Melee: Hand axe          ||    12
 Armour: Chain mail        ||     8
         Robe              ||     4
  Dodge: Dodged            ||     7

Table legend: (Time is in decaauts)
 A = Elapsed time spent in this place.
 B = Non-inter-level travel time spent in this place.
 C = Inter-level travel time spent in this place.
 D = Time resting spent in this place.
 E = Time spent auto-exploring this place.
 F = Levels seen in this place.
 G = Mean time per level.
                   A        B        C        D        E       F      G
               +--------+--------+--------+--------+--------+-----+--------+
         Total |    403 |    403 |      0 |      0 |    275 |   1 |  403.0 |
       Dungeon |    403 |    403 |      0 |      0 |    275 |   1 |  403.0 |
               +--------+--------+--------+--------+--------+-----+--------+

Top non-repeatable levels by time:
     D:1: 403 daAuts
